 Dungeon Crawl Stone Soup version 0.29-a0-872-g797fff5ad1 (webtiles) character file.

Game seed: 13870423347246991251

44 Ijustatesigmund the Digger (level 3, -1/21 HPs)
             Began as an Octopode Earth Elementalist on July 19, 2022.
             Slain by a jackal (3 damage)
             ... on level 3 of the Dungeon.
             The game lasted 00:01:55 (1361 turns).

Ijustatesigmund the Digger (OpEE)                   Turns: 1361, Time: 00:01:57

Health: -1/21      AC:  1    Str:  7    XL:     3   Next: 60%
Magic:  4/6        EV: 13    Int: 19    God:
Gold:   49         SH:  0    Dex: 12    Spells: 1/7 levels left

rFire   . . .      SeeInvis .   c - +0 war axe
rCold   . . .      Faith    .   (no shield)
rNeg    . . .      Spirit   .   e - +0 hat
rPois   .          Reflect  .   (no amulet)
rElec   .          Harm     .   (no ring)
rCorr   .          Rampage  .   (no ring)
Will    .....                   (no ring)
Stlth   +++.......              (no ring)
HPRegen 0.07/turn               (no ring)
MPRegen 0.10/turn               (no ring)
                                (no ring)
                                (no ring)

@: no status effects
A: almost no armour, amphibious, 8 rings, camouflage 1, gelatinous body 1,
(nimble swimmer 1), tentacles
a: no special abilities


You were on level 3 of the Dungeon.
You visited 1 branch of the dungeon, and saw 3 of its levels.

You collected 49 gold pieces.

Inventory:

Hand Weapons
 c - a +0 war axe (weapon)
Armour
 e - a +0 hat (worn)
Potions
 a - 2 potions of magic
 b - a potion of ambrosia {unknown}
 d - 2 potions of heal wounds {unknown}
 f - 2 potions of cancellation {unknown}


   Skills:
 - Level 2.0 Dodging
 - Level 2.6 Stealth
 + Level 2.5 Spellcasting
 * Level 0.7 Conjurations
 + Level 1.9 Transmutations
 + Level 3.4 Earth Magic


You had one spell level left.
You knew the following spells:

 Your Spells              Type           Power      Damage    Failure   Level
a - Sandblast             Erth           30%        2d9       3%          1
b - Stone Arrow           Conj/Erth      20%        3d8       21%         3
c - Passwall              Tmut/Erth      10%        N/A       8%          2

Your spell library contained the following spells:

 Spells                   Type           Power      Damage    Failure   Level
 Petrify                  Tmut/Erth      12%        N/A       45%         4


Dungeon Overview and Level Annotations

Branches:
Dungeon (3/15)

Altars:


Innate Abilities, Weirdness & Mutations

You cannot wear most types of armour.
You are amphibious.
You can wear up to eight rings at the same time.
Your skin changes colour to match your surroundings (Stealth+).
Your rubbery body absorbs attacks. (AC +1, EV +1)
((You are camouflaged when in or above water. (Stealth+)))
You have tentacles for arms and can constrict up to eight enemies at once.


Message History

Unknown command.
You barely miss the jackal.
The jackal barks!
Your grab misses the jackal. You barely miss the jackal. The jackal misses you.
The jackal completely misses you. The jackal bites you.
The jackal barely misses you.
You hit the jackal but do no damage. Your grab misses the jackal.
You closely miss the jackal. The jackal closely misses you.
The jackal barely misses you.
A jackal comes into view.
The jackal barely misses you. The jackal bites you.
The jackal moves out of view.
Unknown command.
The jackal bites you.
* * * LOW HITPOINT WARNING * * *
The jackal bites you but does no damage.
You climb downwards.
There is a stone staircase leading up here.
Unknown command.
Casting: Sandblast (safe; 3% risk of failure)
Confirm with . or Enter, or press ? or * to list all spells.
Aiming: Sandblast (safe; 3% risk of failure)
Press: ? - help, Shift-Dir - straight line, f - jackal
Aim: a jackal (74% to hit)
The blast of sand hits the jackal!
You kill the jackal!
The jackal bites you.
* * * LOW HITPOINT WARNING * * *
The jackal bites you but does no damage.
The jackal bites you.
* * * LOW HITPOINT WARNING * * *
Casting: Sandblast (safe; 3% risk of failure)
Confirm with . or Enter, or press ? or * to list all spells.
Aiming: Sandblast (safe; 3% risk of failure)
Press: ? - help, Shift-Dir - straight line, f - jackal
Aim: a jackal (74% to hit)
The blast of sand hits the jackal.
The jackal is severely wounded.
The jackal bites you.
You die...

### ..# #.#
#.#######
#..###.h......
#....†@#
#.######


You could see a jackal.

Vanquished Creatures
  An adder (D:2)
  A dart slug (D:1)
  4 ball pythons
  2 endoplasms (D:1)
  3 giant cockroaches (D:1)
  2 goblins (D:1)
  5 hobgoblins (D:1)
  2 jackals
  2 quokkas (D:1)
  3 bats (D:1)
  3 frilled lizards
  A kobold (D:1)
29 creatures vanquished.

Notes
Turn   | Place    | Note
-------+----------+-------------------------------------------
     0 | D:1      | Ijustatesigmund the Octopode Earth Elementalist began the
                  | quest for the Orb.
     0 | D:1      | Reached XP level 1. HP: 11/11 MP: 3/3
   267 | D:1      | Reached XP level 2. HP: 17/17 MP: 0/5
   922 | D:1      | Reached XP level 3. HP: 21/21 MP: 4/6
   926 | D:1      | Learned a level 3 spell: Stone Arrow
   929 | D:1      | Learned a level 2 spell: Passwall
  1360 | D:3      | HP: 1/21 [jackal (2)]
  1361 | D:3      | Slain by a jackal

Illustrated notes

Levels and vault maps discovered:
D:1:      lemuel_arrival_rhombus, layout_loops_corners
D:2:      layout_rooms, ebering_ecumenical_altar_box, st_stairs_14
D:3:      layout_loops_ring, kennysheep_generic_room_3

Action                   || total
-------------------------++-------
Melee: Dagger            ||     3
       Constrict         ||     3
       War axe           ||     6
       Tentacles         ||     2
 Cast: Sandblast         ||    35
Armor: Skin              ||     3
Dodge: Dodged            ||    30

Table legend: (Time is in decaauts)
 A = Elapsed time spent in this place.
 B = Non-inter-level travel time spent in this place.
 C = Inter-level travel time spent in this place.
 D = Time resting spent in this place.
 E = Time spent auto-exploring this place.
 F = Levels seen in this place.
 G = Mean time per level.
                   A        B        C        D        E       F      G
               +--------+--------+--------+--------+--------+-----+--------+
         Total |   1399 |   1369 |     30 |      0 |   1165 |   3 |  466.3 |
       Dungeon |   1399 |   1369 |     30 |      0 |   1165 |   3 |  466.3 |
               +--------+--------+--------+--------+--------+-----+--------+

Top non-repeatable levels by time:
     D:1: 1302 daAuts
     D:2: 94 daAuts
     D:3: 2 daAuts
